 Dungeon Crawl Stone Soup version 0.31.0-11-ge490571c62 (webtiles) character file.

Game seed: 728086581438684502

310 MollyMolluskus the Ruffian (level 6, -1/43 HPs)
             Began as an Octopode Fighter on Feb 6, 2024.
             Slain by Edmund
             ... wielding a +0 dire flail of protection
              (14 damage)
             ... on level 4 of the Dungeon.
             The game lasted 00:07:17 (2792 turns).

MollyMolluskus the Ruffian (Octopode Fighter)       Turns: 2792, Time: 00:07:18

Health: -1/43      AC:  1    Str: 18    XL:     6   Next: 41%
Magic:  6/6        EV: 13    Int: 10    God:
Gold:   116        SH:  4    Dex: 11    Spells: 5/5 levels left

rFire   . .          .
                       - Unarmed
rCold   . . .        a - +0 buckler
rNeg    . . .        (helmet restricted)
rPois   .            (no amulet)
rElec   .            (no ring)
rCorr   .            (no ring)
SInv    .            (no ring)
Will    .....        (no ring)
Stlth   +++          (no ring)
HPRegen 0.27/turn    (no ring)
MPRegen 0.10/turn    (no ring)
                     (no ring)

%: no passive effects
@: no status effects
A: almost no armour, amphibious, 8 rings, camouflage 1, gelatinous body 1,
(nimble swimmer 1), tentacles
a: no special abilities


You were on level 4 of the Dungeon.
You visited 1 branch of the dungeon, and saw 4 of its levels.

You collected 116 gold pieces.

Inventory:

Missiles
 d - 5 boomerangs (quivered)
 f - 11 poisoned darts
 l - 6 javelins
Armour
 a - a +0 buckler (worn)
Wands
 i - a wand of roots (19)
Potions
 b - 2 potions of might
 c - 2 potions of haste
 e - a potion of invisibility {unknown}
 g - a potion of heal wounds {unknown}
 h - a potion of magic {unknown}
 j - 2 potions of curing
 k - a potion of mutation {unknown}
 m - a potion of attraction {unknown}


   Skills:
 + Level 3.9 Fighting
 + Level 3.8 Dodging
 + Level 3.4 Stealth
 + Level 3.8 Shields
 * Level 4.1 Unarmed Combat


You had 5 spell levels left.
You didn't know any spells.
Your spell library contained the following spells:

 Spells                   Type           Power      Damage    Failure   Level
 Ensorcelled Hibernation  Hex/Ice        0%         N/A       58%         2
 Lesser Beckoning         Tloc           0%         N/A       58%         2
 Dazzling Flash           Conj/Hex       0%         N/A       82%         3
 Gell's Gravitas          Tloc           0%         N/A       82%         3
 Passwall                 Erth           0%         N/A       82%         3
 Swiftness                Air            0%         N/A       82%         3
 Teleport Other           Tloc           0%         N/A       82%         3
 Volatile Blastmotes      Fire/Tloc      0%         2d10      82%         3
 Starburst                Conj/Fire      0%         6d3       100%        6
 Maxwell's Capacitive Co  Air            0%         ∞         100%        8


Dungeon Overview and Level Annotations

Branches:
Dungeon (4/15)
 Temple: D:4-7

Altars:
Fedhas
Makhleb
Vehumet

Shops:
D:3 [

Annotations:
D:4 Edmund


Innate Abilities, Weirdness & Mutations

You cannot wear most types of armour.
You are amphibious.
You can wear up to eight rings at the same time.
Your skin changes colour to match your surroundings (Stealth+).
Your rubbery body absorbs attacks. (AC +1, EV +1)
((You are camouflaged when in or above water. (Stealth+)))
You have tentacles for arms and can constrict up to eight enemies at once.


Message History

You now have 116 gold pieces (gained 9).
You see here a +0 club.
c - 2 potions of haste (gained 1)
You strike the helpless Edmund from behind!
You tentacle-slap Edmund but do no damage.
The ball python hisses angrily.
You grab Edmund. You constrict Edmund, but do no damage.
Edmund mutters, "Who needs spells, anyway?"
Edmund hits you with a +0 dire flail of protection!
Unknown command.
You tentacle-slap Edmund but do no damage.
You constrict Edmund, but do no damage.
Unknown command.
You tentacle-slap Edmund but do no damage.
You squeeze Edmund, but do no damage. You constrict Edmund.
Edmund closely misses you.
Unknown command.
You tentacle-slap Edmund but do no damage.
Edmund is lightly wounded.
You constrict Edmund, but do no damage. Edmund closely misses you.
Unknown command.
You barely miss the ball python. Your grab misses the ball python.
You constrict Edmund, but do no damage.
Edmund hits you with a +0 dire flail of protection.
The ball python closely misses you. The ball python grabs you.
The ball python constricts you.
Unknown command.
You barely miss the ball python. You grab the ball python.
You squeeze the ball python.
The ball python is moderately wounded.
You constrict Edmund. You constrict the ball python.
You kill the ball python!
Edmund hits you with a +0 dire flail of protection!
Unknown command.
You tentacle-slap Edmund but do no damage.
Edmund is lightly wounded.
You constrict Edmund.
Edmund hits you with a +0 dire flail of protection!
You die...
Edmund says, "I'd like to see a scythe do that!"

####......#.... #.#
##........## # #..
#..........# #.#
#..........# #.#
#..........# ######
#..........# ......
#..........# #...##
##........## ##...#
#.....@@.#### #..#..
............#### ..
### ...........#....#
.#
..........####.###.#
####............#..###
#.................###
#.....#####...###....
.#....## #..........
.#..## #.#.######.


You could see Edmund.

Vanquished Creatures
  A water moccasin (D:3)
  Ijyb (D:3)
  An iguana (D:4)
  An orc wizard (D:3)
  A gnoll (D:3)
  An adder (D:3)
  A white imp (D:4)
  3 dart slugs
  4 ribbon worms
  7 orcs (D:3)
  8 endoplasms
  4 giant cockroaches
  6 goblins
  3 hobgoblins
  13 jackals
  4 quokkas
  6 ball pythons
  5 bats
  2 frilled lizards (D:1)
  3 kobolds
  9 rats
84 creatures vanquished.

Notes
Turn   | Place    | Note
-------+----------+-------------------------------------------
     0 | D:1      | MollyMolluskus the Octopode Fighter began the quest for the
                  | Orb.
     0 | D:1      | Reached XP level 1. HP: 16/16 MP: 1/1
    71 | D:1      | Reached XP level 2. HP: 20/21 MP: 2/2
   157 | D:1      | Reached skill level 1 in Stealth
   366 | D:1      | Reached XP level 3. HP: 21/26 MP: 3/3
   735 | D:2      | Found a faded altar of an unknown god.
  1291 | D:3      | Reached XP level 4. HP: 28/31 MP: 4/4
  1302 | D:3      | Reached skill level 3 in Unarmed Combat
  1535 | D:3      | Noticed a water moccasin
  1579 | D:3      | Reached XP level 5. HP: 5/36 MP: 5/5
  1617 | D:3      | Killed a water moccasin
  1618 | D:3      | Reached XP level 6. HP: 13/43 MP: 6/6
  1805 | D:3      | Noticed Ijyb
  1811 | D:3      | Killed Ijyb
  1812 | D:3      | Reached skill level 4 in Unarmed Combat
  2126 | D:3      | Found Weazeh's Armour Shop.
  2210 | D:3      | Found a burning altar of Makhleb.
  2427 | D:4      | Noticed Edmund
  2501 | D:4      | Found a radiant altar of Vehumet.
  2501 | D:4      | Found a blossoming altar of Fedhas.
  2783 | D:4      | Identified the +1 scale mail "Ytoewk" {rPois rN++ Will-
                  | rCorr}
  2792 | D:4      | Slain by Edmund

Illustrated notes

Levels and vault maps discovered:
D:1:      dpeg_arrival_arbitrary_c, layout_loops_ring
D:2:      layout_loops_ring, nicolae_ecumenical_lake_church
D:3:      layout_rooms, bloody_makhleb, serial_shops, shop,
          nicolae_hexahallways, minmay_increasing_density, uniq_ijyb
D:4:      layout_rooms, mainiacjoe_overflow_alcove_1,
          mainiacjoe_overflow_large_starburst, gammafunk_ghost_split,
          uniq_edmund, uniq_sigmund

Skill      XL: |  1  2  3  4  5  6 |
---------------+-------------------+-----
Stealth        | 1 2 3 |  3.4
Unarmed Combat | 3 4 |  4.1
Fighting       | |  3.9
Dodging        | |  3.8
Shields        | |  3.8

Action                     |  1- 3 |  4- 6 || total
---------------------------+-------+-------++-------
  Melee: Unarmed           |   109 |   100 ||   209
         Constrict         |    25 |    27 ||    52
         Tentacles         |    15 |    21 ||    36
         Punch             |     5 |     1 ||     6
  Throw: Boomerang         |       |     2 ||     2
    Use: Scroll            |     1 |     6 ||     7
         Potion            |       |     2 ||     2
   Stab: Sleeping          |     9 |     4 ||    13
         Distracted        |       |     2 ||     2
 Armour: Skin              |    32 |    42 ||    74
  Dodge: Dodged            |    53 |    37 ||    90
  Block: Buckler           |    16 |    10 ||    26
